 Dungeon Crawl Stone Soup version 0.27-a0-1202-ge72e49191c (webtiles) character file.

Game seed: 4592587775329342663

134120 sanka the Spry (level 17, -5/131 HPs)
             Began as a Djinni Wanderer on May 10, 2021.
             Was the Champion of Makhleb.
             Splashed by a goliath frog's acid (10 damage)
             ... on level 2 of the Swamp on June 2, 2021.
             The game lasted 01:55:19 (26322 turns).

sanka the Spry (Djinni Wanderer)                   Turns: 26322, Time: 01:55:20

Health: -5/131     AC:  1    Str: 18    XL:     17   Next: 74%
Gold:   1847       EV: 27    Int: 25    God:    Makhleb [******] SH:  0 Dex: 17

rFire    + . .     SeeInvis .   b - +6 lajatang (speed)
rCold    + . .     Faith    .   (shield currently unavailable)
rNeg     . . .     Spirit   .   G - +1 robe of Feceistred {rC+ Regen+ Str+2 Dex+2}
rPois    ∞         Reflect  .   O - +0 helmet
rElec    +         Harm     .   v - +1 cloak "Zeupsoq" {rPois Stlth+}
rCorr    .         Rampage  .   j - +2 pair of gloves
Will     +....                  (boots unavailable)
Stlth    ++++......             A - amulet of the Air {Inacc Fly rElec EV+5 RMsl}
HPRegen  2.31/turn              f - ring "Sekkumn" {Str+6 Dex+5 Stlth+}
MPRegen  0.00/turn              U - ring of ice

@: corroded, flying, repel missiles
A: sickness immunity, fire resistance 2, cold vulnerability 1, float, innate
caster, hp casting, extra vitality 1, regeneration 1
a: Renounce Religion, Minor Destruction, Lesser Servant of Makhleb, Major
Destruction, Greater Servant of Makhleb


You were on level 2 of the Swamp.
You worshipped Makhleb.
Makhleb was exalted by your worship.
You visited 5 branches of the dungeon, and saw 26 of its levels.
You also visited: Ossuary and Gauntlet.

You collected 3217 gold pieces.
You spent 1370 gold pieces at shops.


Innate Abilities, Weirdness & Mutations

You are immune to sickness and miasma.
You are immune to poison.
Your flesh is very heat resistant. (rF++)
You are vulnerable to cold. (rC-)
You float through the air rather than walking.
You learn spells naturally, not from books.
Your magical power is your life essence.
You have superior vitality. (+4 HP)
Your natural rate of healing is unusually fast.


   Skills:
 - Level 15.0 Fighting
 * Level 10.6 Staves
 - Level 16.0 Dodging
 - Level 1.0 Stealth
 - Level 1.0 Shields
 - Level 13.0 Spellcasting
 - Level 8.0 Invocations
 - Level 8.0 Evocations


You had 7 spell levels left.
You knew the following spells:

 Your Spells              Type           Power      Damage    Failure   Level
i - Ensorcelled Hibernat  Hex/Ice        100%       N/A       1%          2
o - Ozocubu's Refrigerat  Ice            44%        4d13      14%         7
u - Pain                  Necr           100%       1d9       1%          1
w - Passage of Golubria   Tloc           N/A        N/A       1%          4
y - Frozen Ramparts       Ice            100%       1d12      1%          3
z - Freeze                Ice            100%       1d11      1%          1
C - Summon Forest         Summ/Tloc      34%        N/A       1%          5
V - Conjure Ball Lightni  Conj/Air       34%        3x3d11    2%          6
X - Olgreb's Toxic Radia  Pois           69%        N/A       1%          4
Z - Corpse Rot            Necr/Air       N/A        N/A       1%          2
Your spell library was empty.

Inventory:

Hand Weapons
 b - a +6 lajatang of speed (weapon)
 w - the +7 quarterstaff "Hetum" {vorpal, rCorr Dex+6}

   It inflicts extra damage upon your enemies.
   It affects your dexterity (+6).
   It protects you from acid and corrosion.
 D - the +7 flail "Gerow" {vorpal, rC+}

   It inflicts extra damage upon your enemies.
   It protects you from cold.
Armour
 j - a +2 pair of gloves (worn)
 v - the +1 cloak "Zeupsoq" (worn) {rPois Stlth+}

   It protects you from poison.
   It makes you more stealthy.
 G - the +1 robe of Feceistred (worn) {rC+ Regen+ Str+2 Dex+2}

   It affects your strength (+2).
   It affects your dexterity (+2).
   It protects you from cold.
   It increases your rate of health regeneration.
 O - a +0 helmet (worn)
Magical Staves
 a - a staff of air
 Y - a staff of cold
Jewellery
 e - a +6 ring of intelligence
 f - the ring "Sekkumn" (left hand) {Str+6 Dex+5 Stlth+}

   [ring of strength]

   It affects your strength (+6).
   It affects your dexterity (+5).
   It makes you more stealthy.
 u - an amulet of regeneration
 A - the amulet of the Air (around neck) {Inacc Fly rElec EV+5 RMsl}

   [amulet of nothing]

   It affects your evasion (+5).
   It insulates you from electricity.
   It grants you flight.
   It protects you from missiles.
 U - a ring of ice (right hand)
Wands
 r - a wand of digging (40)
 t - a wand of flame (64)
 H - a wand of mindburst (26)
 K - a wand of charming (13)
 N - a wand of iceblast (39)
 Q - a wand of polymorph (28)
Scrolls
 d - 3 scrolls of brand weapon {unknown}
 g - 10 scrolls of teleportation {@r4}
 h - 4 scrolls of fog
 l - 4 scrolls of fear
 n - 4 scrolls of blinking
 x - 3 scrolls of immolation {!r}
 E - 6 scrolls of magic mapping
 F - 4 scrolls of summoning
 I - 13 scrolls of identify {@r1}
 L - 6 scrolls of enchant armour
 R - 2 scrolls of silence {!r}
 T - a scroll of holy word
Potions
 c - 8 potions of curing {@q1}
 m - 4 potions of invisibility
 o - 10 potions of lignification {!q}
 q - a potion of resistance
 s - a potion of ambrosia
 C - 4 potions of might
 J - a potion of haste {@q3}
 P - 8 potions of heal wounds {@q2}
 V - 5 potions of brilliance
 W - 3 potions of mutation {!q}
 Z - 3 potions of cancellation
Miscellaneous
 y - a phial of floods
 B - a condenser vane

Dungeon Overview and Level Annotations

Branches:
Dungeon (15/15)            Temple (1/1) D:5            Lair (6/6) D:11
  Swamp (2/4) Lair:2        Snake (0/4) Lair:4        Slime (0/5) Lair:5
    Orc (2/2) D:9             Elf (0/3) Orc:2        Vaults (0/5) D:14
 Depths (0/5) D:15        Ossuary (visited)         Gauntlet (visited)

Altars:
Ashenzari
Cheibriados
Dithmenos
Elyvilon
Fedhas
Gozag
Hepliaklqana
Kikubaaqudgha
Makhleb
Nemelex Xobeh
Okawaru
Qazlal
Ru
Sif Muna
Trog
Uskayaw
Vehumet
Wu Jian
Xom
Yredelemnul
Zin
The Shining One
Jiyva
Lugonu

Shops:
D:2 (   D:4 ?   D:14 (   Orc:1 !   Orc:2 *[([

Portals:
Abyss: D:5

♣ ♣♣♣♣. ....≈≈≈≈≈≈≈...♣ ♣
♣♣♣....♣.....≈≈≈..≈≈≈≈.. ♣
♣!.≈≈≈≈....≈.≈≈...≈≈≈≈#.
♣♣♣.≈≈≈≈≈.....≈≈.....≈≈≈..
♣≈.≈≈≈≈≈≈≈...#≈≈≈.....≈≈..
.≈≈≈#≈≈≈≈<.....≈≈≈F..≈≈...
.#≈≈.>..≈≈≈≈..#≈≈≈R.≈≈....
.≈≈≈≈≈....≈≈≈..≈yy≈≈≈.....
≈..≈≈†≈≈♣♣≈≈≈...R.F≈....♣≈
≈≈÷≈≈†≈♣♣♣♣≈≈♣♣........♣..
.≈≈≈<.♣♣ ♣♣........♣≈..
≈.≈≈≈..♣♣♣♣ ♣..≈≈≈##...≈≈≈
≈[#≈[.....♣♣♣♣.≈≈≈≈.....≈≈
.≈≈≈≈≈.≈≈..♣ ♣♣#≈≈.♣♣.≈.≈≈
♣.≈≈≈..≈≈≈≈♣♣♣♣)..♣♣ ≈≈.|♣
♣≈≈≈.≈♣..♣♣).♣♣♣≈.♣ ≈#≈
♣♣..♣♣♣≈♣♣♣≈♣#♣♣..♣ ♣. ≈≈


You could see an eleionoma, a spark wasp, 2 goliath frogs and a vampire
mosquito.


Message History

The spark wasp closely misses you. The eleionoma completely misses you.
The goliath frog hits you from afar!!
* * * LOW HITPOINT WARNING * * *
You are splashed with acid!
* * * LOW HITPOINT WARNING * * *
The goliath frog misses you.
You miss the spark wasp.
The spark wasp is moderately wounded.
The vampire mosquito bites you but does no damage.
The spark wasp stings you!
* * * LOW HITPOINT WARNING * * *
The spark wasp shocks you. You resist.
* * * LOW HITPOINT WARNING * * *
The eleionoma barely misses you. The vampire mosquito bites you.
* * * LOW HITPOINT WARNING * * *
You slash the spark wasp!
The spark wasp is heavily wounded.
The goliath frog barely misses you. The goliath frog misses you.
The spark wasp closely misses you.
The vampire mosquito closely misses you.
Unknown command.
The goliath frog hits you from afar!!
* * * LOW HITPOINT WARNING * * *
The acid corrodes you!
You are splashed with acid!
You die...

Action                   |  1- 3 |  4- 6 |  7- 9 | 10-12 | 13-15 | 16-18 || total
-------------------------+-------+-------+-------+-------+-------+-------++-------
Melee: Club              |    11 |     5 |     5 |       |       |       ||    21
       Hand axe          |       |       |    96 |   181 |    86 |       ||   363
       Lajatang          |       |       |       |       |    12 |   544 ||   556
       Quarterstaff      |       |       |       |       |       |    24 ||    24
       Staff             |       |       |       |       |       |    20 ||    20
 Cast: Freeze            |    44 |    45 |    79 |   256 |   420 |     4 ||   848
       Pain              |       |     5 |     1 |     4 |       |       ||    10
       Frozen Ramparts   |       |     6 |    13 |    37 |    67 |     5 ||   128
       Corpse Rot        |       |       |     1 |     1 |       |       ||     2
       Summon Forest     |       |       |       |       |     7 |       ||     7
       Olgreb's Toxic Ra |       |       |       |       |    84 |    14 ||    98
       Conjure Ball Ligh |       |       |       |       |    19 |    37 ||    56
Invok: Lesser Servant of |       |       |       |     3 |    13 |       ||    16
       Minor Destruction |       |       |       |     1 |       |       ||     1
Evoke: Wand              |       |       |       |     3 |    32 |       ||    35
  Use: Scroll            |       |       |    12 |     7 |    10 |     2 ||    31
       Potion            |       |       |       |     3 |     3 |       ||     6
 Stab: Sleeping          |       |       |       |     1 |       |     3 ||     4
Armor: Robe              |     7 |     6 |    23 |   146 |    42 |    71 ||   295
       Ring mail         |       |       |       |       |    96 |       ||    96
Dodge: Dodged            |    20 |    19 |    86 |   294 |   395 |   745 ||  1559
       Repelled          |       |       |       |       |     1 |     6 ||     7
Block: Kite shield       |    11 |    16 |    53 |   168 |   174 |       ||   422

Levels and vault maps discovered:
D:1:      amcnicky_arrival_flooded_fountain, layout_loops_ring
D:2:      layout_basic, serial_shops, nicolae_shop_crystal,
          hangedman_glass_teeth, minmay_misc_feat_rows, hex_medium
D:3:      layout_basic, old_standard_altar, gammafunk_ghost_cemetery,
          chequers_ecumenical_altar_simple, uniq_sigmund, uniq_ijyb
D:4:      layout_rooms, serial_shops, shop, nicolae_ossuary_entry_plus,
          uniq_menkaure, uniq_edmund, uniq_crazy_yiuf_cottage
D:5:      layout_loops_ring, minmay_temple_entry_ruins,
          amcnicky_altar_lugonu_corruption
D:6:      layout_cave_pools
D:7:      layout_loops_ring, uniq_harold, uniq_maggie
D:8:      nicolae_whirlpool, layout_cave_pools, gammafunk_ghost_necromancy
D:9:      layout_loops_cross, hiddenorc1_lemuel, chequers_serial_rivers_small_a,
          grunt_livestock, kennysheep_potato
D:10:     layout_rooms, jmf_multi_god_temple2, grunt_temple_overflow_opulence,
          uniq_erolcha, uniq_nergalle
D:11:     layout_irregular_city, lair_entry_dummy
D:12:     minmay_tearing_corner, layout_loops_cross,
          fedhas_bush_and_centaur_altar
D:13:     layout_long_grid
D:14:     gargoyle_guard, layout_layer_cave, erik_vaults_1, serial_shops,
          kennysheep_mini_moat, infiniplex_staircase_hallway_doors
D:15:     grunt_enter_depths_hoard, layout_gridville
Temple:   minmay_temple_bridge_d
Lair:1:   layout_chaotic_city
Lair:2:   layout_regular_city, skrybe_swamp_entry_bodies,
          minmay_lair_oklob_chamber, lemuel_fruit_fields, uniq_urug
Lair:3:   layout_gridlike, grunt_megastairs_1
Lair:4:   layout_gridlike, minmay_snake_entry_guardpost_medium,
          hangedman_tree_tricks, minmay_shattered_shrine, grunt_megastairs_2,
          infiniplex_staircase_pool_2, uniq_josephine
Lair:5:   layout_misc_corridors, slime_altar_1, gauntlet_entry_generic,
          serial_bayou_pond_e, lemuel_old_faithful, grunt_megastairs_4,
          serial_bayou_shore_b, lemuel_fruit_tree
Lair:6:   evilmike_catoblepas_cave, layout_cellular_growth, grunt_megastairs_5
Swamp:1:  layout_basic_swamp, nicolae_swamp_trees_clearing,
          infiniplex_staircase_pool, uniq_frances
Swamp:2:  layout_basic_swamp, hangedman_swamp_diagram,
          nicolae_swamp_catching_bugs, uniq_donald
Orc:1:    layout_caves, serial_shops,
          nicolae_shop_temple_entry_statues_fountains
Orc:2:    st_orc_open, layout_caves, bloody_makhleb

Notes
Turn   | Place    | Note
-------+----------+-------------------------------------------
     0 | D:1      | sanka the Djinni Wanderer began the quest for the Orb.
     0 | D:1      | Reached XP level 1. HP: 15/15 MP: 0/0
   348 | D:1      | Reached XP level 2. HP: 21/22 MP: 0/0
   452 | D:1      | Reached skill level 1 in Dodging
   635 | D:1      | Reached skill level 1 in Fighting
  1128 | D:2      | Reached XP level 3. HP: 25/27 MP: 0/0
  1128 | D:2      | Learned a level 1 spell: Pain
  1571 | D:2      | Reached skill level 2 in Dodging
  1869 | D:2      | Found Vosoonin's Antique Weapon Emporium.
  1877 | D:2      | Reached XP level 4. HP: 29/33 MP: 0/0
  2432 | D:3      | Reached skill level 2 in Fighting
  2486 | D:3      | Noticed a gnoll sergeant
  2792 | D:3      | Found a runed translucent gate.
  2855 | D:3      | Killed a gnoll sergeant
  2856 | D:3      | Reached XP level 5. HP: 11/39 MP: 0/0
  2856 | D:3      | Learned a level 2 spell: Corpse Rot
  2873 | D:3      | Reached skill level 3 in Dodging
  3332 | D:3      | Noticed Ijyb
  3339 | D:3      | Killed Ijyb
  3455 | D:3      | Found a runed translucent gate.
  3455 | D:3      | Found a runed translucent gate.
  3455 | D:3      | Noticed sastreii's ghost (amateur FoFi)
  3456 | D:3      | Noticed jordank93's ghost (weakling GnWr)
  3661 | D:3      | Reached skill level 3 in Fighting
  3661 | D:3      | Reached XP level 6. HP: 39/46 MP: 0/0
  3719 | D:3      | Found a faded altar of an unknown god.
  3819 | D:3      | Found a sacrificial altar of Ru.
  4013 | D:3      | Noticed Sigmund
  4025 | D:3      | Killed Sigmund
  4026 | D:3      | Reached skill level 4 in Dodging
  4026 | D:3      | Reached skill level 8 in Spellcasting
  4199 | D:4      | Noticed a water moccasin
  4207 | D:4      | Killed a water moccasin
  4208 | D:4      | Reached XP level 7. HP: 42/51 MP: 0/0
  4208 | D:4      | Learned a level 2 spell: Ensorcelled Hibernation
  4240 | D:4      | Found Qas Hal's Magic Scroll Shop.
  4390 | D:4      | Found a sand-covered staircase.
  4399 | Ossuary  | Entered an ossuary
  4436 | Ossuary  | Reached skill level 4 in Fighting
  4522 | D:4      | Noticed Menkaure
  4536 | D:4      | Killed Menkaure
  4537 | D:4      | Reached skill level 5 in Dodging
  4539 | D:4      | Noticed Edmund
  4542 | D:4      | Noticed a two-headed ogre
  4552 | D:4      | Killed Edmund
  4553 | D:4      | Reached XP level 8. HP: 32/58 MP: 0/0
  4585 | D:4      | Identified the +7 quarterstaff "Hetum" {vorpal, rCorr
                  | Dex+6}
  5033 | D:4      | Found a runed translucent door.
  5034 | D:4      | Noticed Crazy Yiuf
  5196 | D:4      | Killed Crazy Yiuf
  5241 | D:4      | Bought a scroll of blinking for 97 gold pieces
  5241 | D:4      | Bought a scroll of identify for 26 gold pieces
  5241 | D:4      | Bought a scroll of magic mapping for 45 gold pieces
  5241 | D:4      | Bought a scroll of summoning for 123 gold pieces
  5241 | D:4      | Bought a scroll of teleportation for 39 gold pieces
  5241 | D:4      | Bought a scroll of enchant weapon for 97 gold pieces
  5280 | D:5      | Entered Level 5 of the Dungeon
  5291 | D:5      | Reached skill level 5 in Fighting
  5414 | D:5      | Identified the +1 robe of Feceistred {rC+ Regen+ Str+2
                  | Dex+2}
  5459 | D:5      | Found a corrupted altar of Lugonu.
  5463 | D:5      | Found a one-way gate to the infinite horrors of the Abyss.
  5498 | D:5      | Reached skill level 6 in Dodging
  5590 | D:5      | Found a staircase to the Ecumenical Temple.
  5603 | Temple   | Entered the Ecumenical Temple
  5724 | Temple   | Became a worshipper of Makhleb the Destroyer
  6352 | D:6      | Reached skill level 6 in Fighting
  6404 | D:6      | Reached skill level 7 in Dodging
  6537 | D:6      | Reached XP level 9. HP: 67/67 MP: 0/0
  6537 | D:6      | Learned a level 4 spell: Passage of Golubria
  6861 | D:7      | Reached skill level 9 in Spellcasting
  6891 | D:7      | Reached skill level 7 in Fighting
  6903 | D:7      | Reached * piety under Makhleb
  6935 | D:7      | Reached skill level 8 in Dodging
  6975 | D:7      | Noticed Harold
  6985 | D:7      | Identified +2 steam dragon scales
  6985 | D:7      | Noticed Maggie
  6991 | D:7      | Killed Harold
  6992 | D:7      | Reached skill level 8 in Fighting
  6995 | D:7      | Killed Maggie
  6996 | D:7      | Reached skill level 9 in Dodging
  6996 | D:7      | Reached XP level 10. HP: 63/76 MP: 0/0
  7795 | D:8      | Reached skill level 9 in Fighting
  7812 | D:8      | Reached skill level 10 in Dodging
  8040 | D:8      | Found a runed translucent gate.
  8040 | D:8      | Found a runed translucent gate.
  8050 | D:8      | Reached ** piety under Makhleb
  8192 | D:8      | Found a runed translucent gate.
  8317 | D:8      | Noticed Tramtrist's ghost (novice DDFi)
  8417 | D:8      | Killed Tramtrist's ghost
  8475 | D:9      | Noticed a two-headed ogre
  8500 | D:9      | Killed a two-headed ogre
  8501 | D:9      | Reached skill level 10 in Fighting
  8501 | D:9      | Reached XP level 11. HP: 38/85 MP: 0/0
  8501 | D:9      | Learned a level 4 spell: Olgreb's Toxic Radiance
  8571 | D:9      | Noticed a two-headed ogre
  8623 | D:9      | Killed a two-headed ogre
  8624 | D:9      | Reached skill level 11 in Dodging
  8624 | D:9      | Reached skill level 10 in Spellcasting
  8954 | D:9      | Found a staircase to the Orcish Mines.
  9448 | D:10     | Entered Level 10 of the Dungeon
  9493 | D:10     | Noticed Erolcha
  9504 | D:10     | Killed Erolcha
  9505 | D:10     | Reached skill level 11 in Fighting
  9557 | D:10     | Noticed Nergalle
  9559 | D:10     | Found a large runed translucent door.
  9571 | D:10     | Reached skill level 12 in Dodging
  9580 | D:10     | Killed Nergalle
  9634 | D:10     | Reached *** piety under Makhleb
  9745 | D:10     | Found a sparkling altar of Nemelex Xobeh.
  9745 | D:10     | Found an opulent altar of Gozag.
  9959 | D:10     | Found a large runed translucent door.
 10092 | D:10     | Found a broken altar of Ashenzari.
 10109 | D:10     | Found a shadowy altar of Dithmenos.
 10454 | D:11     | Reached XP level 12. HP: 93/94 MP: 0/0
 10579 | D:11     | Found a staircase to the Lair.
 10825 | Lair:1   | Entered Level 1 of the Lair of Beasts
 10924 | Lair:1   | Reached skill level 13 in Dodging
 10967 | Lair:1   | Reached skill level 12 in Fighting
 11093 | Lair:1   | Reached **** piety under Makhleb
 11170 | Lair:1   | Noticed a four-headed hydra
 11188 | Lair:1   | HP: 4/95 [four-headed hydra (11)]
 11189 | Lair:1   | Killed a four-headed hydra
 11374 | Lair:1   | Reached skill level 1 in Invocations
 11762 | Lair:2   | Noticed Urug
 11776 | Lair:2   | Reached skill level 2 in Invocations
 11778 | Lair:2   | Killed Urug
 11779 | Lair:2   | Reached skill level 3 in Invocations
 11798 | Lair:2   | Found a staircase to the Swamp.
 11828 | Lair:2   | Reached skill level 4 in Invocations
 11900 | Lair:2   | Reached skill level 5 in Invocations
 11946 | Lair:2   | Reached skill level 1 in Evocations
 11980 | Lair:2   | Reached skill level 2 in Evocations
 12572 | Lair:2   | Reached XP level 13. HP: 102/102 MP: 0/0
 12572 | Lair:2   | Learned a level 5 spell: Summon Forest
 12656 | Lair:3   | Reached skill level 6 in Invocations
 12755 | Lair:3   | Identified the +2 scale mail "Kexkow Bein" {-Cast rF+
                  | Dex+4}
 12788 | Lair:3   | Reached skill level 3 in Evocations
 13126 | Lair:3   | Reached skill level 11 in Spellcasting
 13589 | Lair:3   | Identified the +5 ring mail of the Guardian {Str+7}
 13749 | Lair:4   | Reached skill level 4 in Evocations
 13912 | Lair:4   | Found a blossoming altar of Fedhas.
 14000 | Lair:4   | Noticed Josephine
 14016 | Lair:4   | Killed Josephine
 14093 | Lair:4   | Reached skill level 7 in Invocations
 14301 | Lair:4   | Reached skill level 14 in Dodging
 14322 | Lair:4   | Reached skill level 5 in Evocations
 14323 | Lair:4   | Reached skill level 13 in Fighting
 14592 | Lair:4   | Found a staircase to the Snake Pit.
 15020 | Lair:5   | Found a viscous altar of Jiyva.
 15020 | Lair:5   | Found a staircase to the Slime Pits.
 15059 | Lair:5   | Reached XP level 14. HP: 84/110 MP: 0/0
 15082 | Lair:5   | Identified the +7 flail "Gerow" {vorpal, rC+}
 15098 | Lair:5   | Reached skill level 8 in Invocations
 15165 | Lair:5   | Found a gate leading to a gauntlet.
 15179 | Lair:5   | Reached skill level 6 in Evocations
 15207 | Gauntlet | Entered a Gauntlet
 15207 | Gauntlet | Found a transporter.
 15218 | Gauntlet | Found a transporter.
 15223 | Gauntlet | Found a transporter.
 15224 | Gauntlet | Found a transporter.
 15232 | Gauntlet | Found a transporter.
 15235 | Gauntlet | Found a transporter.
 15236 | Gauntlet | Found a transporter.
 15244 | Gauntlet | Found a transporter.
 15247 | Gauntlet | Found a transporter.
 15248 | Gauntlet | Found a transporter.
 15256 | Gauntlet | Found a transporter.
 15259 | Gauntlet | Found a transporter.
 15260 | Gauntlet | Found a transporter.
 15264 | Gauntlet | Found a runed translucent door.
 15265 | Gauntlet | Found a runed translucent door.
 15268 | Gauntlet | Found a transporter.
 15592 | Gauntlet | Identified the +1 cloak "Zeupsoq" {rPois Stlth+}
 15705 | Gauntlet | Identified the ring "Sekkumn" {Str+6 Dex+5 Stlth+}
 15734 | Gauntlet | Identified a potion of resistance
 16476 | Lair:6   | Entered Level 6 of the Lair of Beasts
 16747 | Lair:6   | Identified the +1 leather armour of Circular Logic {Will+}
 16897 | Lair:6   | Reached skill level 7 in Evocations
 16900 | Lair:6   | Reached skill level 12 in Spellcasting
 17063 | Lair:6   | Reached ***** piety under Makhleb
 17190 | Lair:6   | Reached skill level 15 in Dodging
 18206 | Orc:1    | Entered Level 1 of the Orcish Mines
 18248 | Orc:1    | Reached skill level 14 in Fighting
 18397 | Orc:2    | Entered Level 2 of the Orcish Mines
 18397 | Orc:2    | Found a staircase to the Elven Halls.
 18405 | Orc:2    | Reached XP level 15. HP: 117/117 MP: 0/0
 18405 | Orc:2    | Learned a level 6 spell: Conjure Ball Lightning
 18445 | Orc:2    | Reached skill level 8 in Evocations
 18699 | Orc:2    | Found a burning altar of Makhleb.
 18704 | Orc:2    | Found Bouvvioz's Antique Weapon Boutique.
 18707 | Orc:2    | Found Zefax's Armour Shoppe.
 18719 | Orc:2    | Found Xeish's Antique Armour Emporium.
 18720 | Orc:2    | Found Ruumm's General Store.
 19118 | Orc:1    | Found Tegu's Distillery.
 19304 | Orc:1    | Upgraded the game from 0.27-a0-1144-g0b7d3b79db to
                  | 0.27-a0-1147-gb3d8e82157
 19333 | Orc:2    | Bought a potion of heal wounds for 70 gold pieces
 19333 | Orc:2    | Bought a scroll of enchant armour for 105 gold pieces
 19333 | Orc:2    | Bought a condenser vane for 560 gold pieces
 19356 | Orc:1    | Bought a potion of heal wounds for 80 gold pieces
 19356 | Orc:1    | Bought a potion of might for 64 gold pieces
 19356 | Orc:1    | Bought a potion of might for 64 gold pieces
 19468 | D:12     | Gained mutation: You are frail. (-10% HP) [mutagenic glow]
 19469 | D:12     | Lost mutation: You are frail. (-10% HP) [potion of
                  | mutation]
 19469 | D:12     | Gained mutation: Your natural rate of healing is unusually
                  | fast. [potion of mutation]
 19606 | D:12     | Identified +0 acid dragon scales
 19673 | D:12     | Reached ****** piety under Makhleb
 19714 | D:12     | Found the amulet of the Air {Inacc Fly rElec EV+5 RMsl}
 19716 | D:12     | Noticed a tengu reaver
 19724 | D:12     | Killed a tengu reaver
 19788 | D:12     | Reached skill level 16 in Dodging
 19788 | D:12     | Noticed a fire giant
 19792 | D:12     | Killed a fire giant
 19793 | D:12     | Reached skill level 13 in Spellcasting
 19862 | D:12     | Identified the ring of Vehumet's Delight {Fire Contam rElec
                  | Str+4 Int+5}
 19883 | D:12     | Reached skill level 15 in Fighting
 20218 | D:12     | Reached skill level 1 in Staves
 20343 | D:12     | Reached skill level 2 in Staves
 20354 | D:12     | Noticed a frost giant
 20363 | D:12     | Killed a frost giant
 20364 | D:12     | Reached skill level 3 in Staves
 20438 | D:12     | Found a blossoming altar of Fedhas.
 20879 | D:13     | Reached XP level 16. HP: 124/126 MP: 0/0
 21078 | D:13     | Reached skill level 4 in Staves
 21828 | D:14     | Found Vasiosk's Antique Weapon Shoppe.
 21857 | D:14     | Reached skill level 5 in Staves
 22360 | D:14     | Found a gate to the Vaults.
 22498 | D:14     | Reached skill level 6 in Staves
 22977 | D:15     | Entered Level 15 of the Dungeon
 23071 | D:15     | Identified +0 ice dragon scales
 23105 | D:15     | Reached skill level 7 in Staves
 23143 | D:15     | Found a staircase to the Depths.
 23559 | D:15     | Reached skill level 14 in Spellcasting
 23564 | D:15     | Identified a scroll of acquirement
 24127 | D:3      | Killed sastreii's ghost
 24127 | D:3      | Killed jordank93's ghost
 24167 | D:3      | Reduced skill Spellcasting to level 13
 24167 | D:3      | Upgraded the game from 0.27-a0-1147-gb3d8e82157 to
                  | 0.27-a0-1196-g3e9cee4cb2
 24167 | D:3      | Reached XP level 17. HP: 131/131 MP: 0/0
 24167 | D:3      | Learned a level 7 spell: Ozocubu's Refrigeration
 24167 | D:3      | Upgraded the game from 0.27-a0-1196-g3e9cee4cb2 to
                  | 0.27-a0-1202-ge72e49191c
 24414 | Swamp:1  | Entered Level 1 of the Swamp
 24501 | Swamp:1  | Identified +0 swamp dragon scales
 24635 | Swamp:1  | Reached skill level 8 in Staves
 24908 | Swamp:1  | Reached skill level 9 in Staves
 25487 | Swamp:1  | Noticed Frances
 25500 | Swamp:1  | Killed Frances
 25521 | Swamp:1  | Identified the +7 dagger "Demonslayer" {vamp, Fly}
 26065 | Swamp:1  | Reached skill level 10 in Staves
 26322 | Swamp:2  | HP: 5/131 [goliath frog (21)]
 26322 | Swamp:2  | Splashed by a goliath frog's acid

Vanquished Creatures
  Frances (Swamp:1)
  A tengu reaver (D:12)
  A fire giant (D:12)
  A frost giant (D:12)
  A war gargoyle (D:14)
  A bunyip (Swamp:1)
  A minotaur (Gauntlet)
  A spark wasp (Swamp:2)
  An ettin (D:12)
  2 ice dragons (D:15)
  10 hydras
  Erolcha (D:10)
  6 boulder beetles
  Harold (D:7)
  3 ogre magi
  2 death knights
  A ghost crab (Swamp:2)
  4 centaur warriors
  2 catoblepae (Lair:6)
  A tengu warrior (D:15)
  2 dancing weapons (D:14)
  5 alligators
  12 two-headed ogres
  14 death yaks
  Nergalle (D:10)
  A deep troll earth mage (D:12)
  Urug (Lair:2)
  The ghost of Tramtrist the Chopper, a novice DDFi of Makhleb (D:8)
  2 deep trolls (Orc:2)
  2 skeletal warriors (D:15)
  6 goliath frogs
  3 spriggan druids (Swamp:2)
  A swamp dragon (Swamp:1)
  An obsidian statue (Gauntlet)
  A deep elf archer (D:12)
  4 bog bodies
  A phantasmal warrior (D:12)
  An orc knight (D:12)
  An orb spider (shapeshifter) (D:13)
  4 ugly things
  An oklob plant (Lair:5)
  A mana viper (shapeshifter) (D:13)
  A lindwurm (Lair:6)
  4 orc sorcerers
  6 manticores
  3 cyclopes
  A moth of wrath (Gauntlet)
  8 black mambas
  A torpor snail (Lair:6)
  14 cane toads
  10 gargoyles
  Maggie (D:7)
  2 efreet
  9 komodo dragons
  An unseen horror (D:10)
  4 rime drakes
  2 freezing wraiths (D:15)
  A yaktaur (D:12)
  2 tengu conjurers (D:15)
  4 meliai
  2 polar bears (Lair:6)
  The ghost of sastreii the Covered, an amateur FoFi (D:3)
  A bloated husk (Swamp:1)
  16 trolls
  7 tyrant leeches (Swamp:1)
  2 hornets
  7 blink frogs
  17 slime creatures
  A raiju (Gauntlet)
  Sigmund (D:3)
  4 spriggans
  A shadow (D:12)
  A tarantella (shapeshifter) (D:12)
  3 wyverns
  2 hogs (D:9)
  A vampire (D:11)
  3 wraiths
  A human (shapeshifter) (D:12)
  4 basilisks
  43 yaks
  A human (D:9)
  A steam dragon (Gauntlet)
  15 vampire mosquitoes
  Menkaure (D:4)
  A large abomination (Gauntlet)
  A warg (Orc:2)
  Edmund (D:4)
  7 swamp worms
  3 nagas (Lair:4)
  3 acid dragons
  2 small abominations (Gauntlet)
  11 water moccasins
  A swamp drake (Swamp:1)
  2 ice beasts
  2 sky beasts
  19 orc warriors
  A black bear (D:7)
  3 boggarts (D:14)
  22 ogres
  3 necrophages (D:7)
  10 wolves
  6 centaurs
  A phantom (D:3)
  13 bullfrogs
  2 scorpions (D:7)
  A wyvern zombie (D:7)
  2 gnoll sergeants
  A wyvern skeleton (D:7)
  2 water moccasin skeletons
  5 killer bees (D:8)
  14 wights
  3 howler monkeys
  2 electric eels (D:9)
  A spectral centaur (D:8)
  4 centaur zombies
  A human zombie (Ossuary)
  A hound (D:6)
  Crazy Yiuf (D:4)
  21 orc priests
  A centaur skeleton (D:8)
  3 iguanas
  Ijyb (D:3)
  24 orc wizards
  5 hell rats (Lair:6)
  A hound skeleton (D:5)
  A mummy (Ossuary)
  2 howler monkey zombies
  A howler monkey skeleton (D:7)
  7 gnolls
  7 adders
  An ufetubus (D:5)
  An adder skeleton (D:5)
  A worm (D:2)
  The ghost of jordank93 the Grasshopper, a weakling GnWr (D:3)
  3 dart slugs
  81 orcs
  7 endoplasms
  5 giant cockroaches
  4 gnoll zombies (Ossuary)
  4 goblins
  3 hobgoblins
  7 jackals
  4 quokkas
  6 ball pythons
  9 bats
  4 frilled lizards
  2 goblin zombies (Ossuary)
  3 hobgoblin zombies (Ossuary)
  6 kobolds
  3 orc zombies (Ossuary)
  6 rats
  A lurking horror (D:5)
706 creatures vanquished.

Vanquished Creatures (collateral kills)
  Josephine (Lair:4)
  4 hydras
  A catoblepas (Lair:6)
  4 death yaks
  3 oklob plants (Lair:2)
  4 blink frogs (Lair:4)
  3 wraiths (Lair:4)
  A wyvern (Lair:4)
  A basilisk (Lair:4)
  A water moccasin (Lair:6)
  A bullfrog (Lair:4)
  3 ball lightnings
27 creatures vanquished.

Vanquished Creatures (others)
  2 bloated husks
  135 ball lightnings
  2 bushes (D:12)
  13 fungi
  30 plants
  A snaplasher vine (Lair:6)
183 creatures vanquished.

Grand Total: 916 creatures vanquished
